Map: Bridgehead LE (Void)

Players

TomikuS

  • Race: Zerg Zerg
  • League: Grandmaster

EZWarlordz - Winner!

  • Race: Protoss Protoss
  • League: Master

Event: Lycan League Weekly August #2

VOD

Have the link to the VOD?

Description

Time

  • Played on: Aug. 10, 2015, 12:24 p.m.
  • Length: 4:20

All games in this series

Show
View Real Time Build Order
Export as new Build Order

TomikuS Zerg 

Build Orders: Pool First 

Get SALT Encoding   

  12  0:03  Drone  
  13  0:12  Overlord  
  13  0:19  Drone  
  14  0:31  Drone x2  
  16  0:36  Drone  
  17  0:47  Drone  
  17  0:49  Spawning Pool  
  17  0:57  Drone  
  18  1:13  Hatchery  
  17  1:22  Drone x2  
  19  1:29  Extractor  
  18  1:36  Queen  
  18  1:38  Zergling x2  
  21  1:41  Drone  
  22  2:01  Hatchery  
  22  2:06  Overlord  
  22  2:07  Drone  
  22  2:23  Queen  
  22  2:25  Drone x2  
  22  2:27  Drone  
  27  2:36  Zergling x2  
  27  2:37  Zergling x2  
  30  2:40  Spine Crawler  
  29  2:48  Zergling x2  
  29  2:50  Zergling x4  
  33  3:04  Zergling x2  
  24  3:26  Zergling x2  
  25  3:34  Zergling x4  
  27  3:37  Zergling x2  
  26  3:49  Zergling x4  
  28  4:02  Zergling x2  
Show
View Real Time Build Order
Export as new Build Order

EZWarlordz Protoss - Winner!

Build Orders:  

Get SALT Encoding   

  12  0:01  Probe  
  13  0:16  Probe  
  14  0:45  Pylon  
  14  1:03  Gateway  
  14  1:04  Gateway  
  14  1:07  Gateway  
  14  1:09  Gateway  
  14  1:11  Probe  
  15  1:23  Probe  
  16  1:35  Probe  
  16  1:37  Pylon  
  21  1:54  Zealot (Chrono Boost)  
  21  1:55  Zealot (Chrono Boost)  
  21  1:57  Probe  
  26  2:02  Zealot (Chrono Boost)  
  26  2:08  Zealot (Chrono Boost)  
  26  2:09  Pylon  
  26  2:13  Zealot (Chrono Boost)  
  30  2:24  Zealot (Chrono Boost)  
  30  2:29  Zealot (Chrono Boost)  
  32  2:45  Forge  
  32  2:52  Zealot (Chrono Boost)  
  36  2:59  Zealot (Chrono Boost), Pylon  
  36  3:24  Zealot x3 (Chrono Boost)  
  40  3:31  Zealot (Chrono Boost)  
  40  3:33  Photon Cannon  
  40  3:55  Zealot (Chrono Boost)  

Tags
 
Add a new tag
Caveats
  • Supply blocks, unpowered buildings, or Contaminate may cause inaccurate times.
  • Supply counts are checked every 10 seconds.